 Dungeon Crawl Stone Soup version 0.27.0-1-g7a089689b8 (webtiles) character file.

Game seed: 5635753838641325318

5 SnakkuSnakku7 the Skirmisher (level 1, -2/24 HPs)
             Began as an Ogre Delver on Aug 6, 2021.
             Slain by a kobold (4 damage)
             ... on level 3 of the Dungeon.
             The game lasted 00:00:42 (192 turns).

SnakkuSnakku7 the Skirmisher (Ogre Delver)           Turns: 192, Time: 00:00:42

Health: -2/24      AC:  3    Str: 15    XL:     1   Next: 80%
Magic:  1/1        EV:  9    Int: 11    God:
Gold:   0          SH:  0    Dex: 10    Spells: 0/0 levels left

rFire    . . .     SeeInvis .   a - +0 mace
rCold    . . .     Faith    .   (no shield)
rNeg     . . .     Spirit   .   b - +0 robe
rPois    .         Reflect  .   (helmet restricted)
rElec    .         Harm     .   (no cloak)
rCorr    .         Rampage  .   (gloves unavailable)
Will     .....                  (boots unavailable)
Stlth    ++........             (no amulet)
HPRegen  0.08/turn              (no ring)
MPRegen  0.07/turn              (no ring)

@: no status effects
A: large, unfitting armour, tough skin 1
a: no special abilities


You were on level 3 of the Dungeon.
You visited 1 branch of the dungeon, and saw 3 of its levels.

Inventory:

Hand Weapons
 a - a +0 mace (weapon)
Armour
 b - a +0 robe (worn)
Wands
 g - a wand of digging (3)
Scrolls
 c - a scroll of fog
 d - a scroll of magic mapping
 e - a scroll of fear
Potions
 f - a potion of haste


   Skills:
 - Level 4.0 Fighting
 + Level 2.2 Maces & Flails
 - Level 1.7 Dodging
 - Level 3.7 Stealth


You couldn't memorise any spells.
You didn't know any spells.
Your spell library was empty.

Dungeon Overview and Level Annotations

Branches:
Dungeon (5/15)
 Temple: D:4-7

Altars:


Innate Abilities, Weirdness & Mutations

You are too large for most types of armour.
You have tough skin. (AC +1)


Message History

The bat hits you but does no damage.
You hit the bat.
The bat is severely wounded.
The bat hits you but does no damage. The bat barely misses you.
The bat misses you. The bat barely misses you.
You miss the bat.
The bat is moderately wounded.
The bat hits you but does no damage. The bat barely misses you.
The bat hits you but does no damage. The bat hits you.
You hit the bat.
You kill the bat!
No target in view!
No target in view!
An adder comes into view.
The adder moves out of view.
Found 26 stones.
An orc comes into view. It is wielding a +0 short sword.
An orc is nearby!
An orc comes into view. It is wielding a +0 club.
The orc shouts!
You hear a shout! x2
A kobold comes into view. It is wielding a +0 short sword.
You barely miss the kobold. The kobold barely misses you.
The kobold hits you with a +0 short sword.
The kobold throws a stone.
The stone hits you.
The kobold throws a stone.
The stone closely misses you.
You closely miss the orc. The orc barely misses you.
The orc hits you with a +0 short sword.
You barely miss the orc. The orc barely misses you.
You barely miss the orc. The orc hits you with a +0 short sword.
You closely miss the orc. The orc hits you with a +0 short sword.
* * * LOW HITPOINT WARNING * * *
The orc hits you with a +0 short sword.
* * * LOW HITPOINT WARNING * * *
You thump the orc!
You kill the orc!
The kobold throws a stone.
The stone hits you.
* * * LOW HITPOINT WARNING * * *
The kobold hits you with a +0 short sword.
You die...

#.#####.o. #.# o#
#.# .# #
#.######.#..#
#...o.......#
####o..######.....
#o..K..#..... ...
#K###.(..... . #@#
#.#.....
#.###...##.#
#......###.#
#.###......# #.##
##.####### #.
#........ #.
##.#######
##.###..# #.....#


You could see an orc and a kobold.

Vanquished Creatures
  An orc (D:3)
  A ball python (D:3)
  An endoplasm (D:4)
  A bat (D:3)
4 creatures vanquished.

Notes
Turn   | Place    | Note
-------+----------+-------------------------------------------
     0 | D:5      | SnakkuSnakku7 the Ogre Delver began the quest for the Orb.
     0 | D:5      | Reached XP level 1. HP: 24/24 MP: 1/1
   192 | D:3      | Slain by a kobold

Illustrated notes

Levels and vault maps discovered:
D:3:      layout_loops_ring, mainiacjoe_overflow_brackets,
          shapermc_ecumenical_altar_starsandcircs
D:4:      layout_basic, mainiacjoe_overflow_concentric_impassable,
          mainiacjoe_overflow_alcove_1, minmay_temple_entry_offerings,
          uniq_natasha, uniq_edmund
D:5:      layout_loops_corners, serial_shops, nicolae_inconvenience_store,
          uniq_ijyb

Skill      XL: |  1 |
---------------+----+-----
Maces & Flails | 2 |  2.2
Fighting       | |  4.0
Dodging        | |  1.7
Stealth        | |  3.7

Action                   || total
-------------------------++-------
Melee: Mace              ||    14
 Stab: Sleeping          ||     1
Armor: Robe              ||     5
Dodge: Dodged            ||    13
